 Dungeon Crawl Stone Soup version 0.29.1-2-gbd0b4ee654 (webtiles) character file.

Game seed: 685434343673083972

303 Uniporpoise the Conjurer (level 6, -7/39 HPs)
             Began as an Octopode Conjurer on Nov 5, 2022.
             Killed from afar by Blork the orc (8 damage)
             ... with a magic dart
             ... on level 4 of the Dungeon on Nov 6, 2022.
             The game lasted 00:06:49 (5239 turns).

Uniporpoise the Conjurer (Octopode Conjurer)        Turns: 5239, Time: 00:06:49

Health: -7/39      AC:  1    Str:  5    XL:     6   Next: 38%
Magic:  1/10       EV: 13    Int: 27    God:
Gold:   98         SH:  3    Dex:  9    Spells: 3/10 levels left

rFire   . . .      SeeInvis .   e - +0 whip
rCold   . . .      Faith    .   o - +0 buckler
rNeg    . . .      Spirit   .   (helmet restricted)
rPois   +          Reflect  .   (no amulet)
rElec   .          Harm     .   (no ring)
rCorr   .          Rampage  .   (no ring)
Will    .....                   (no ring)
Stlth   +++.......              (no ring)
HPRegen 0.13/turn               (no ring)
MPRegen 0.12/turn               (no ring)
                                (no ring)
                                (no ring)

@: no status effects
A: almost no armour, amphibious, 8 rings, camouflage 1, gelatinous body 1,
(nimble swimmer 1), tentacles, clever 1, poison resistance, MP-powered wands
a: no special abilities


You were on level 4 of the Dungeon.
You visited 1 branch of the dungeon, and saw 4 of its levels.

You collected 143 gold pieces.
You spent 45 gold pieces at shops.

Inventory:

Hand Weapons
 e - a +0 whip (weapon)
Armour
 o - a +0 buckler (worn)
Jewellery
 p - a ring of fire
Scrolls
 b - 2 scrolls of teleportation
 d - a scroll of enchant weapon {unknown}
 g - 2 scrolls of identify {unknown}
 i - a scroll of amnesia {unknown}
 j - a scroll of blinking {unknown}
 l - a scroll of immolation {unknown}
 m - a scroll of poison
 r - a scroll of enchant armour {unknown}
Potions
 a - 3 potions of magic
 c - a potion of degeneration {unknown}
 h - a potion of mutation
 k - a potion of lignification {unknown}
 n - a potion of heal wounds {unknown}
 q - a potion of attraction {unknown}


   Skills:
 + Level 2.0 Fighting
 + Level 3.1 Dodging
 - Level 4.0 Stealth
 + Level 1.4 Shields
 + Level 2.8 Spellcasting
 * Level 5.2 Conjurations
 + Level 1.3 Translocations


You had 3 spell levels left.
You knew the following spells:

 Your Spells              Type           Power      Damage    Failure   Level
a - Magic Dart            Conj           100%       1d8       1%          1
b - Searing Ray           Conj           64%        2d6       1%          2
c - Iskenderun's Mystic   Conj/Tloc      21%        2d6       30%         4

Your spell library contained the following spells:

 Spells                   Type           Power      Damage    Failure   Level
 Dazzling Flash           Conj/Hex       36%        N/A       12%         3
 Fulminant Prism          Conj/Hex       9%         3d7       36%         4


Dungeon Overview and Level Annotations

Branches:
Dungeon (4/15)
 Temple: D:4-7

Altars:
Gozag

Shops:
D:1 ==![!

Annotations:
D:4 1 transporter, Blork the orc; Icepheonix32's ghost, amateur DgTm


Innate Abilities, Weirdness & Mutations

You cannot wear most types of armour.
You are amphibious.
You can wear up to eight rings at the same time.
Your skin changes colour to match your surroundings (Stealth+).
Your rubbery body absorbs attacks. (AC +1, EV +1)
((You are camouflaged when in or above water. (Stealth+)))
You have tentacles for arms and can constrict up to eight enemies at once.
Your mind is acute. (Int +4, Str/Dex -1)
Your system is resistant to poisons. (rPois)
You expend magic power (3 MP) to strengthen your wands.


Message History

The orc hits you with a +0 short sword.
The searing ray hits the orc.
You kill the orc!
The searing ray hits Blork the orc.
Blork the orc is lightly wounded.
The searing ray misses Blork the orc.
Blork the orc completely misses you.
The searing ray hits Blork the orc!
Blork the orc is heavily wounded.
You finish channelling your searing ray.
Blork the orc closely misses you.
Blork the orc mumbles some strange words.
Blork the orc seems to speed up.
Casting: Searing Ray (safe; 2% risk of failure)
Confirm with . or Enter, or press ? or * to list all spells.
Aiming: Searing Ray (safe; 2% risk of failure)
Press: ? - help, Shift-Dir - straight line, f - Blork the orc
Aim: Blork the orc, wielding a +0 dire flail and wearing a +0 robe (heavily wounded, fast, 82% to hit)
The searing ray hits Blork the orc.
Blork the orc is heavily wounded. (Press . to maintain the ray.) Blork the orc hits you with a +0 dire flail!
The searing ray hits Blork the orc!
Blork the orc is severely wounded.
Blork the orc misses you.
Blork the orc hits you with a +0 dire flail!
You feel better.
Blork the orc hits you with a +0 dire flail.
You hit Blork the orc. Your grab misses Blork the orc.
You squeeze Blork the orc.
Blork the orc is almost dead.
Blork the orc points at you and mumbles some strange words.
The puff of flame hits you!
Blork the orc hits you with a +0 dire flail!
* * * LOW HITPOINT WARNING * * *
It was a potion of mutation.
You feel extremely strange.
You feel your magical essence link to the dungeon's wands.
You feel clever.
You feel resistant to poisons.
Blork the orc points at you and mumbles some strange words.
The magic dart hits you!
You die...

#. ............ #>##
#...........
..###.......)...
####..###..........
#......###.....#...
#.......####.###.##
#........# #.......
#......#.###.......
##@###†#..##.....<.
#### #o#
#....##.......
#....##.#
####.##.......
#)......#
#.....#.#.####
#.....#.....###.....#
#.......##### ##..###
#......## . #...#
#.!...# #. ##..#####
#..... . #......#


You could see Blork the orc (fast).

Vanquished Creatures
  A black bear (D:4)
  A scorpion (D:4)
  A hound (D:3)
  5 adders
  A dart slug (D:2)
  2 worms (D:3)
  3 orcs
  4 endoplasms (D:2)
  3 giant cockroaches
  7 goblins
  3 hobgoblins
  7 jackals
  6 kobolds
  7 quokkas
  9 ball pythons
  4 bats
  3 frilled lizards
  3 rats
70 creatures vanquished.

Notes
Turn   | Place    | Note
-------+----------+-------------------------------------------
     0 | D:1      | Uniporpoise the Octopode Conjurer began the quest for the
                  | Orb.
     0 | D:1      | Reached XP level 1. HP: 11/11 MP: 3/3
   297 | D:1      | Found a faded altar of an unknown god.
   409 | D:1      | Reached XP level 2. HP: 12/17 MP: 0/5
   622 | D:1      | Found Iramy's Distillery.
   738 | D:1      | Learned a level 2 spell: Searing Ray
   884 | D:1      | Found Noleulo's Jewellery Emporium.
   906 | D:1      | Found Mamarphe's Jewellery Shop.
   917 | D:1      | Found Tett's Distillery.
   980 | D:1      | Found Huempepn's Armour Boutique.
  1399 | D:2      | Found an opulent altar of Gozag.
  1795 | D:2      | Reached XP level 3. HP: 22/22 MP: 3/6
  2789 | D:1      | Bought a +0 buckler for 45 gold pieces
  3067 | D:3      | Reached skill level 1 in Fighting
  3206 | D:3      | Reached XP level 4. HP: 28/28 MP: 2/7
  3211 | D:3      | Learned a level 4 spell: Iskenderun's Mystic Blast
  4182 | D:3      | Reached XP level 5. HP: 9/33 MP: 1/8
  4587 | D:4      | Noticed a black bear
  4661 | D:4      | Killed a black bear
  4662 | D:4      | Reached skill level 1 in Shields
  4662 | D:4      | Reached skill level 5 in Conjurations
  4662 | D:4      | Reached skill level 1 in Translocations
  4788 | D:4      | Reached XP level 6. HP: 39/39 MP: 5/10
  4916 | D:4      | Found a transporter.
  4919 | D:4      | Noticed Icepheonix32's ghost (amateur DgTm)
  5225 | D:4      | Noticed Blork the orc
  5238 | D:4      | HP: 1/39 [Blork the orc/+0 dire flail (13)]
  5239 | D:4      | Gained mutation: You expend magic power (3 MP) to
                  | strengthen your wands. [potion of mutation]
  5239 | D:4      | Gained mutation: Your mind is acute. (Int +4, Str/Dex -1)
                  | [potion of mutation]
  5239 | D:4      | Gained mutation: Your system is resistant to poisons.
                  | (rPois) [potion of mutation]
  5239 | D:4      | Killed from afar by Blork the orc

Illustrated notes

Levels and vault maps discovered:
D:1:      psy_arrival_radial02, layout_basic, serial_shops,
          nicolae_shop_waterfront, shop, shop, nicolae_shop_hallway_plus,
          nicolae_shop_behind_doors, basic_ecumenical_altar, serial_forest,
          infiniplex_forest_clump_tiny, infiniplex_forest_pool,
          infiniplex_forest_split, infiniplex_forest_clump_long,
          infiniplex_forest_clump_curved, infiniplex_forest_clump_tiny,
          infiniplex_forest_clump_small, infiniplex_forest_corner_1,
          infiniplex_forest_end_2, dk_noncrumbling_3, minmay_misc_feat_doors
D:2:      layout_loops_ring, basic_altar
D:3:      layout_basic, serial_aquarium, aquarium_bridge_square
          [aquarium_subvault_window, aquarium_subvault_bridge,
          aquarium_subvault_wall, aquarium_subvault_bridge],
          aquarium_bridge_straight [aquarium_subvault_bridge,
          aquarium_subvault_wall, aquarium_subvault_bridge,
          aquarium_subvault_window], aquarium_window_corridor_1,
          aquarium_window_fake, aquarium_window_fake, aquarium_view_2e,
          serial_park_tiny_1, minivault_27, minmay_misc_feat_plants
D:4:      layout_rooms, gammafunk_ghost_stat_death, uniq_blork_the_orc

Skill      XL: |  1  2  3  4  5  6 |
---------------+-------------------+-----
Stealth        | 3 4 |  4.0
Fighting       | 1 2 |  2.0
Shields        | 1 |  1.4
Conjurations   | 5 |  5.2
Translocations | 1 |  1.3
Dodging        | 3 |  3.1
Spellcasting   | |  2.8

Action                   |  1- 3 |  4- 6 || total
-------------------------+-------+-------++-------
Melee: Whip              |    17 |    16 ||    33
       Tentacles         |     5 |     2 ||     7
       Constrict         |     6 |     5 ||    11
       Unarmed           |     2 |       ||     2
       Punch             |       |     1 ||     1
 Cast: Magic Dart        |    59 |    41 ||   100
       Searing Ray       |     1 |    14 ||    15
  Use: Potion            |       |     3 ||     3
       Scroll            |       |     2 ||     2
Armor: Skin              |     2 |     1 ||     3
Dodge: Dodged            |    24 |    30 ||    54
Block: Buckler           |       |     4 ||     4
